AoeStats
← RH450

Arabia

503746306Analyzed
1v1 RM · 1mo ago on Sep 2, 2026· 52m 13s· 2 players
Game mode
Random Map
Map size
Tiny (2 player)
Population
200
Speed
Normal
Resources
Standard
Victory
Conquest
Starting age
Dark Age
Ending age
Imperial Age
RankedLock teamsTeams togetherTeam positionsShared explorationLock speedFull tech treeHidden civsTurbo modeCheats
Victory
Defeat
🇨🇱 Italians · Chile
959
+16
🇪🇸 Spanish · Spain
958
-16
RH450
1:12 Loom
11:48 Feudal Age
21:07 Castle Age
21:16 Double-Bit Axe
21:14 Horse Collar
27:44 Padded Archer Armor
31:30 Leather Archer Armor
31:18 Husbandry
33:23 Bloodlines
36:35 Scale Mail Armor
41:41 Imperial Age
42:11 Chain Mail Armor
44:20 Elite Conquistador
49:15 Gold Mining
49:18 Stone Mining
49:31 Heavy Plow
Chihuahua Letal
9:26 Loom
11:12 Feudal Age
11:39 Loom
11:57 Double-Bit Axe
12:48 Man-at-Arms
14:43 Arson
17:26 Fletching
17:35 Horse Collar
19:35 Wheelbarrow
19:41 Town Watch
24:25 Castle Age
24:14 Padded Archer Armor
28:36 Light Cavalry
29:59 Scale Barding Armor
30:05 Forging
31:20 Gold Mining
35:04 Scale Mail Armor
34:48 Elite Skirmisher
41:42 Iron Casting
43:48 Ballistics
44:30 Bow Saw
48:42 Imperial Age
47:45 Bodkin Arrow
49:50 Conscription
50:39 Chemistry
49:02 Hussar
49:02 Cavalier
50:40 Cavalier
52:07 Chain Barding Armor
52:05 Bracer
Connection lost

Rejoining the realm…

Still unreachable

The connection could not be restored.

Session expired

The server has moved on; the page needs a fresh start.